[Event "FIDE Grand Swiss 2023"]
[Site "Villa Marina, Douglas, Isle of Man"]
[Date "2023.11.01"]
[Round "7.8"]
[White "Deac, Bogdan-Daniel"]
[Black "Yakubboev, Nodirbek"]
[Result "1-0"]
[WhiteElo "2701"]
[BlackElo "2616"]
[EventDate "2023.10.25"]
[ECO "C54"]
[PlyCount "111"]
[BlackFideId "14203987"]
[TimeControl "40/100 + 20/50 + 15 + 30s/move"]
[WhiteFideId "1226380"]

1.e4 e5 2.Nf3 Nc6 3.Bc4 Bc5 4.c3 Nf6 5.d3 d6 6.O-O a5 7.Re1 Ba7 8.Na3 O-O 9.h3 Ne7 10.d4 Ng6 11.Be3 Bd7 12.Qc2 Bc6 13.Bd3 Re8 14.Nb5 exd4 15.Bxd4 Bxb5 16.Bxb5 c6 17.Bf1 Ne5 18.Nd2 h5 19.Rad1 Qe7 20.Bxa7 Rxa7 21.f4 Ned7 22.Nc4 d5 23.Qf2 Qc5 24.exd5 Rxe1 25.Rxe1 Qxf2+ 26.Kxf2 cxd5 27.Nd6 Kf8 28.Kf3 Nc5 29.g4 hxg4+ 30.hxg4 b6 31.Rd1 Rd7 32.Nf5 Ne6 33.Bb5 Rd8 34.Rh1 Ng8 35.Rh8 d4 36.Bc4 dxc3 37.bxc3 Rd2 38.g5 Rc2 39.g6 Rxc3+ 40.Ne3 Nd8 41.Ke4 b5 42.Bd5 Rc1 43.f5 Rg1 44.Kf4 a4 45.Ng4 Rd1 46.Ke4 Re1+ 47.Kd4 Rd1+ 48.Kc5 Rxd5+ 49.Kxd5 fxg6 50.fxg6 b4 51.Ne5 b3 52.axb3 axb3 53.Nd7+ Ke7 54.Rxg8 Kxd7 55.Rxg7+ Ke8 56.Ra7 1-0

[Event "FIDE Grand Swiss 2023"]
[Site "Villa Marina, Douglas, Isle of Man"]
[Date "2023.11.01"]
[Round "7.9"]
[White "Kuzubov, Yuriy"]
[Black "Artemiev, Vladislav"]
[Result "1-0"]
[WhiteElo "2625"]
[BlackElo "2697"]
[EventDate "2023.10.25"]
[ECO "D39"]
[PlyCount "95"]
[BlackClock "00:01:52"]
[BlackFideId "24101605"]
[TimeControl "40/100 + 20/50 + 15 + 30s/move"]
[WhiteClock "00:09:12"]
[WhiteFideId "14112906"]

1.d4 Nf6 2.c4 e6 3.Nf3 d5 4.Nc3 Bb4 5.Bg5 dxc4 6.e4 b5 7.a4 c5 8.axb5 cxd4 9.Nxd4 h6 10.Be3 Nxe4 11.Qc2 Nd6 12.Qa4 Bxc3+ 13.bxc3 O-O 14.Bxc4 Nxc4 15.Qxc4 Bb7 16.O-O a6 17.b6 Qh4 18.Qc7 Qe4 19.Qg3 Kh7 20.Nb3 Nd7 21.Rfd1 Rad8 22.Na5 Nf6 23.c4 Rxd1+ 24.Rxd1 Rd8 25.Rf1 Ba8 26.Qf3 Qxf3 27.gxf3 Bxf3 28.c5 e5 29.Rc1 Nd5 30.c6 Nxb6 31.Bxb6 Rd6 32.Kf1 Bg4 33.Be3 f5 34.f4 exf4 35.Bxf4 Rd4 36.c7 Rxf4+ 37.Kg1 Ra4 38.c8=Q Rxa5 39.h3 Bh5 40.Rc7 Ra1+ 41.Kf2 Ra2+ 42.Ke1 Ra1+ 43.Kd2 Ra2+ 44.Kc3 f4 45.Qf5+ Bg6 46.Qxf4 Ra3+ 47.Kb2 Rxh3 48.Qe5 1-0

[Event "FIDE Grand Swiss 2023"]
[Site "Villa Marina, Douglas, Isle of Man"]
[Date "2023.11.01"]
[Round "7.10"]
[White "Fedoseev, Vladimir"]
[Black "Zhalmakhanov, Ramazan"]
[Result "1-0"]
[WhiteElo "2691"]
[BlackElo "2447"]
[EventDate "2023.10.25"]
[ECO "D11"]
[PlyCount "157"]
[BlackFideId "13706357"]
[TimeControl "40/100 + 20/50 + 15 + 30s/move"]
[WhiteFideId "24130737"]

1.d4 d5 2.Nf3 Nf6 3.c4 c6 4.e3 e6 5.Qc2 Nbd7 6.b3 b6 7.Bd3 Bb7 8.O-O Bd6 9.Bb2 O-O 10.Nc3 c5 11.cxd5 exd5 12.Rfd1 Qe7 13.a4 a6 14.a5 b5 15.dxc5 Nxc5 16.Bf5 g6 17.Bh3 Ne6 18.Ne2 Ne4 19.Ned4 Rac8 20.Qd3 N6c5 21.Qe2 Rc7 22.Rdc1 Bc8 23.Bxc8 Rfxc8 24.Qd1 Nf6 25.Ne2 Nce4 26.h3 Rxc1 27.Rxc1 Rxc1 28.Qxc1 Qc7 29.Ne1 Qxc1 30.Nxc1 Nd7 31.Nc2 Kf8 32.f3 Nec5 33.Bc3 Ke7 34.Nb4 Ke6 35.Kf2 Be5 36.Bd4 Kd6 37.Nc2 Nb7 38.b4 Nd8 39.Nd3 Nc6 40.f4 Bf6 41.Kf3 Be7 42.Bc3 Ke6 43.g4 f5 44.g5 Bd6 45.h4 Kf7 46.Bd4 Bf8 47.Ke2 Bd6 48.Kd2 Bf8 49.Kc3 Ke6 50.Nce1 Kf7 51.Nf3 Ke6 52.Ng1 Kf7 53.Ne2 Nd8 54.Kb3 Nc6 55.Ng3 Bd6 56.Kc3 Ke7 57.h5 Ke6 58.h6 Kf7 59.Ne2 Ke6 60.Kb3 Ke7 61.Ng1 Kf7 62.Nf3 Ke6 63.Kc3 Be7 64.Bg7 Kd6 65.Nh4 Nf8 66.Nc5 Nxa5 67.Nxa6 Nc4 68.Kd3 Kd7 69.Nc5+ Ke8 70.Kd4 Kf7 71.Bxf8 Bxf8 72.Nf3 Nb6 73.Ne5+ Ke7 74.Nc6+ Kd6 75.Na7 Nc4 76.Nxb5+ Kc6 77.Nc3 Nb6 78.b5+ Kd6 79.N5a4 1-0

[Event "FIDE Grand Swiss 2023"]
[Site "Villa Marina, Douglas, Isle of Man"]
[Date "2023.11.01"]
[Round "7.11"]
[White "Giri, Anish"]
[Black "Anton Guijarro, David"]
[Result "1/2-1/2"]
[WhiteElo "2760"]
[BlackElo "2653"]
[EventDate "2023.10.25"]
[ECO "C55"]
[PlyCount "57"]
[BlackClock "00:03:09"]
[BlackFideId "2285525"]
[TimeControl "40/100 + 20/50 + 15 + 30s/move"]
[WhiteClock "00:04:19"]
[WhiteFideId "24116068"]

1.e4 e5 2.Nf3 Nc6 3.Bc4 Nf6 4.d3 Be7 5.O-O O-O 6.Nc3 d6 7.a3 Be6 8.Nd5 a5 9.h3 h6 10.Nxf6+ Bxf6 11.Bxe6 fxe6 12.b3 d5 13.Be3 Qe8 14.Re1 Qg6 15.c3 Rf7 16.b4 d4 17.cxd4 exd4 18.Bf4 axb4 19.axb4 Rxa1 20.Qxa1 Nxb4 21.Qb1 c5 22.Qb3 Kh7 23.Bg3 Rf8 24.Ra1 Qf7 25.Bd6 Be7 26.Bg3 Bf6 27.Bd6 Be7 28.Bg3 Bf6 29.Bd6 1/2-1/2

[Event "FIDE Grand Swiss 2023"]
[Site "Villa Marina, Douglas, Isle of Man"]
[Date "2023.11.01"]
[Round "7.12"]
[White "Rapport, Richard"]
[Black "Bartel, Mateusz"]
[Result "1-0"]
[WhiteElo "2752"]
[BlackElo "2651"]
[EventDate "2023.10.25"]
[ECO "C02"]
[PlyCount "83"]
[BlackClock "00:05:27"]
[BlackFideId "1112635"]
[TimeControl "40/100 + 20/50 + 15 + 30s/move"]
[WhiteClock "00:08:03"]
[WhiteFideId "738590"]

1.e4 e6 2.d4 d5 3.e5 c5 4.c3 Nc6 5.Nf3 Bd7 6.Be2 Rc8 7.O-O h6 8.Kh1 a6 9.Na3 cxd4 10.cxd4 Bxa3 11.bxa3 Nge7 12.Rb1 Na5 13.a4 Bc6 14.Bd3 Nc4 15.Bc2 Nf5 16.Ng1 O-O 17.Qd3 f6 18.g4 fxe5 19.gxf5 exf5 20.dxe5 d4+ 21.f3 Nxe5 22.Qe2 Re8 23.Qg2 Qf6 24.Bf4 Ng4 25.Bb3+ Kh8 26.Rbc1 Ne3 27.Bxe3 Rxe3 28.Bd5 Rce8 29.Bxc6 bxc6 30.Qc2 d3 31.Qc4 f4 32.Rf2 Rd8 33.Rd2 Qe5 34.Rcd1 Re1 35.Rxe1 Qxe1 36.Rxd3 Rxd3 37.Qxd3 a5 38.Qc4 g5 39.Qxc6 Kg7 40.Qc2 Qe5 41.Ne2 h5 42.Qc3 1-0

[Event "FIDE Grand Swiss 2023"]
[Site "Villa Marina, Douglas, Isle of Man"]
[Date "2023.11.01"]
[Round "7.13"]
[White "Narayanan.S.L"]
[Black "Aronian, Levon"]
[Result "0-1"]
[WhiteElo "2651"]
[BlackElo "2742"]
[EventDate "2023.10.25"]
[ECO "D38"]
[PlyCount "112"]
[BlackClock "00:55:27"]
[BlackFideId "13300474"]
[TimeControl "40/100 + 20/50 + 15 + 30s/move"]
[WhiteClock "00:40:12"]
[WhiteFideId "5058422"]

1.d4 Nf6 2.c4 e6 3.Nf3 d5 4.Nc3 Bb4 5.Qb3 c5 6.dxc5 Nc6 7.e3 O-O 8.Be2 Bxc5 9.O-O dxc4 10.Qxc4 Qe7 11.e4 Nd7 12.Bg5 f6 13.Bh4 Kh8 14.Na4 Bd6 15.Rfd1 Rd8 16.a3 e5 17.b4 Nf8 18.Nc3 Be6 19.Nd5 Qf7 20.Bg3 Ng6 21.Qa2 a5 22.b5 Nce7 23.Bc4 Rac8 24.h4 Bc5 25.Ne3 Nf8 26.Bxe6 Qxe6 27.Rxd8 Rxd8 28.Nc4 b6 29.Qc2 h6 30.Nxa5 Rc8 31.Nb3 Bxa3 32.Qb1 Bd6 33.Qd3 Bb4 34.Rc1 Qd7 35.Qe2 Rxc1+ 36.Nxc1 Nc8 37.Qc4 Bc5 38.Nd3 Nd6 39.Qa4 Nxb5 40.Nxc5 bxc5 41.Qc4 Ne6 42.h5 Qd1+ 43.Kh2 Nbd4 44.Qa6 Nxf3+ 45.gxf3 Qd7 46.Qa8+ Kh7 47.Qd5 Qc8 48.f4 Nxf4 49.Bxf4 exf4 50.Qc4 Qc7 51.Kg2 Qe5 52.Qe2 f5 53.f3 fxe4 54.fxe4 Qg5+ 55.Kf1 f3 56.Qxf3 Qf6 0-1

[Event "FIDE Grand Swiss 2023"]
[Site "Villa Marina, Douglas, Isle of Man"]
[Date "2023.11.01"]
[Round "7.14"]
[White "Duda, Jan-Krzysztof"]
[Black "Melkumyan, Hrant"]
[Result "1-0"]
[WhiteElo "2726"]
[BlackElo "2650"]
[EventDate "2023.10.25"]
[ECO "C65"]
[PlyCount "83"]
[BlackClock "00:03:13"]
[BlackFideId "13302485"]
[TimeControl "40/100 + 20/50 + 15 + 30s/move"]
[WhiteClock "00:02:25"]
[WhiteFideId "1170546"]

1.e4 e5 2.Nf3 Nc6 3.Bb5 Nf6 4.d3 Bc5 5.Bxc6 dxc6 6.O-O Nd7 7.c3 O-O 8.d4 Bd6 9.Bg5 Qe8 10.Re1 b6 11.Nbd2 Qe6 12.dxe5 Nxe5 13.Nxe5 Qxe5 14.Nf3 Qe8 15.e5 Be7 16.Qd3 Be6 17.Qe4 c5 18.Qh4 Bxg5 19.Nxg5 h6 20.Ne4 Kh8 21.g4 Bd5 22.Nf6 Qe6 23.Re3 Bb7 24.Qh5 Qc6 25.f3 Qe6 26.Ne4 Rad8 27.Qf5 Rfe8 28.Qxe6 Rxe6 29.Nf2 Rd2 30.Rd1 Rxb2 31.Rd7 f6 32.Nd3 Rb1+ 33.Kf2 fxe5 34.Nxe5 Kh7 35.Rxc7 Ba6 36.Rxa7 Rb2+ 37.Kg3 Rxa2 38.c4 Ra4 39.f4 Bb5 40.Rc7 Be8 41.f5 Rf6 42.Rc8 1-0

[Event "FIDE Grand Swiss 2023"]
[Site "Villa Marina, Douglas, Isle of Man"]
[Date "2023.11.01"]
[Round "7.15"]
[White "Najer, Evgeniy"]
[Black "Abdusattorov, Nodirbek"]
[Result "1/2-1/2"]
[WhiteElo "2648"]
[BlackElo "2716"]
[EventDate "2023.10.25"]
[ECO "B12"]
[PlyCount "85"]
[BlackClock "01:00:48"]
[BlackFideId "14204118"]
[TimeControl "40/100 + 20/50 + 15 + 30s/move"]
[WhiteClock "00:31:33"]
[WhiteFideId "4118987"]

1.e4 c6 2.d4 d5 3.e5 Bf5 4.Nf3 e6 5.Be2 Ne7 6.c3 Ng6 7.O-O Nd7 8.Ne1 h5 9.Bd3 Nh4 10.a4 c5 11.a5 Bxd3 12.Nxd3 Nf5 13.Be3 Rc8 14.Nd2 g6 15.Nf3 Be7 16.Qd2 cxd4 17.cxd4 O-O 18.Rfc1 Nb8 19.Rxc8 Qxc8 20.Rc1 Qd7 21.Bg5 Bxg5 22.Qxg5 Rc8 23.Nc5 Qe7 24.Qxe7 Nxe7 25.Kf1 Na6 26.Nb3 Rxc1+ 27.Nxc1 Kf8 28.Ke2 Ke8 29.Nb3 Nf5 30.Kd3 Kd7 31.Ng5 Nh6 32.h3 Kc6 33.Kc3 Kb5 34.g3 Ka4 35.f3 b6 36.axb6 axb6 37.g4 Nc7 38.Nc1 Nb5+ 39.Kd3 Kb4 40.Nh7 Ng8 41.Ng5 Nh6 42.Nh7 Ng8 43.Ng5 1/2-1/2

[Event "FIDE Grand Swiss 2023"]
[Site "Villa Marina, Douglas, Isle of Man"]
[Date "2023.11.01"]
[Round "7.16"]
[White "L'ami, Erwin"]
[Black "Vitiugov, Nikita"]
[Result "0-1"]
[WhiteElo "2627"]
[BlackElo "2711"]
[EventDate "2023.10.25"]
[ECO "D56"]
[PlyCount "122"]
[BlackFideId "4152956"]
[TimeControl "40/100 + 20/50 + 15 + 30s/move"]
[WhiteFideId "1007998"]

1.d4 Nf6 2.c4 e6 3.Nf3 d5 4.Nc3 Be7 5.Bg5 h6 6.Bh4 O-O 7.e3 Nbd7 8.Rc1 c5 9.cxd5 Nxd5 10.Bxe7 Nxe7 11.Bb5 cxd4 12.Qxd4 Nf6 13.O-O Qxd4 14.Nxd4 Rd8 15.Rfd1 Bd7 16.Be2 Rac8 17.Bf3 b6 18.Bb7 Rb8 19.Ba6 Nc6 20.Kf1 Kf8 21.a3 Nxd4 22.Rxd4 Bc6 23.Rxd8+ Rxd8 24.f3 Rd2 25.b4 Ne8 26.Be2 Bb7 27.Ke1 Rb2 28.Nd1 Ra2 29.Rc3 f5 30.h3 Ke7 31.g4 Kf6 32.b5 g5 33.Rd3 Ke7 34.Nc3 Ra1+ 35.Kf2 Nf6 36.a4 Rc1 37.Bd1 Nd7 38.Ne2 Ra1 39.Ng3 Ra2+ 40.Kf1 Ne5 41.Rc3 Kd8 42.Rc2 Ra1 43.Rd2+ Ke7 44.Kf2 Nc4 45.Rd4 Ra2+ 46.Ne2 Ne5 47.f4 Nf3 48.Rc4 Bd5 49.Rc2 Ra1 50.Rc1 Rxc1 51.Nxc1 Nd2 52.Ne2 Ne4+ 53.Kg1 fxg4 54.hxg4 Kd6 55.Nd4 Kc5 56.f5 e5 57.Ne2 Kc4 58.Bc2 Nf6 59.e4 Bxe4 60.Bxe4 Nxe4 61.Kg2 Nf6 0-1

[Event "FIDE Grand Swiss 2023"]
[Site "Villa Marina, Douglas, Isle of Man"]
[Date "2023.11.01"]
[Round "7.17"]
[White "Maghsoodloo, Parham"]
[Black "Aravindh, Chithambaram Vr."]
[Result "1-0"]
[WhiteElo "2707"]
[BlackElo "2649"]
[EventDate "2023.10.25"]
[ECO "D07"]
[PlyCount "113"]
[BlackFideId "5072786"]
[TimeControl "40/100 + 20/50 + 15 + 30s/move"]
[WhiteFideId "12539929"]

1.d4 d5 2.c4 Nc6 3.Nf3 Bg4 4.cxd5 Bxf3 5.gxf3 Qxd5 6.e3 e5 7.Nc3 Bb4 8.Bd2 Bxc3 9.bxc3 Qd6 10.Rg1 O-O-O 11.Rb1 Kb8 12.Qb3 b6 13.d5 Na5 14.Qb4 Qxd5 15.c4 Qb7 16.Qa4 Nc6 17.Rxg7 Nge7 18.c5 Qc8 19.Bc3 Rhg8 20.Rg3 f5 21.Ba6 Qd7 22.Rd1 Qe8 23.Rxd8+ Qxd8 24.Bc4 Rg6 25.Rxg6 hxg6 26.h4 Nd5 27.Qxc6 Nxc3 28.Kf1 e4 29.Qxg6 Qd1+ 30.Kg2 exf3+ 31.Kh2 Qa4 32.c6 a5 33.Qe6 Ne4 34.Bb3 Qb4 35.Qe8+ Ka7 36.Qd7 Nd6 37.Qxc7+ Ka6 38.Qe7 Qd2 39.Kg3 Qb4 40.Kh2 Qe1 41.Kg3 Qb4 42.Qg7 f4+ 43.Kxf3 fxe3 44.fxe3 Qxh4 45.Qd7 Qe4+ 46.Kf2 Qh4+ 47.Ke2 Qh5+ 48.Kd2 Ne4+ 49.Kc1 Qh1+ 50.Bd1 Nc5 51.Qc8+ Kb5 52.c7 Qc6 53.Be2+ Kb4 54.Qg4+ Ka3 55.c8=Q Nb3+ 56.Kb1 Qf6 57.Qa4+ 1-0

[Event "FIDE Grand Swiss 2023"]
[Site "Villa Marina, Douglas, Isle of Man"]
[Date "2023.11.01"]
[Round "7.18"]
[White "Suleymanli, Aydin"]
[Black "Sevian, Samuel"]
[Result "0-1"]
[WhiteElo "2588"]
[BlackElo "2698"]
[EventDate "2023.10.25"]
[ECO "C84"]
[PlyCount "142"]
[BlackFideId "2040506"]
[TimeControl "40/100 + 20/50 + 15 + 30s/move"]
[WhiteFideId "13413937"]

1.e4 e5 2.Nf3 Nc6 3.Bb5 a6 4.Ba4 Nf6 5.O-O Be7 6.d3 b5 7.Bb3 d6 8.c3 O-O 9.h3 Bb7 10.a4 Nb8 11.axb5 axb5 12.Rxa8 Bxa8 13.Na3 Qd7 14.Nc2 Na6 15.Ne3 Nc5 16.Bc2 Re8 17.Nf5 Ne6 18.Nxe7+ Qxe7 19.Re1 c5 20.d4 exd4 21.cxd4 Nxd4 22.Nxd4 cxd4 23.Qxd4 Qc7 24.Bd3 Bxe4 25.Bxe4 Rxe4 26.Rxe4 Qxc1+ 27.Kh2 Nxe4 28.Qxe4 Qc8 29.Qd5 Qa6 30.b4 Kf8 31.f3 g6 32.Kg3 Qb6 33.h4 h5 34.Kh3 Kg7 35.Kg3 Kf8 36.Kh3 Kg8 37.Qa8+ Kg7 38.Qd5 Kf8 39.Qa8+ Ke7 40.Qe4+ Kf6 41.Qd5 Kg7 42.Kg3 Qb8 43.Qd4+ Kg8 44.Qd5 Kf8 45.Qc6 d5+ 46.Kh3 Qd8 47.Qxb5 d4 48.Qd3 Qc8+ 49.Kg3 Qb8+ 50.Kf2 Qxb4 51.Qe4 Qb2+ 52.Qe2 Qb6 53.Qd3 Qb2+ 54.Qe2 Qb6 55.Qd3 Kg7 56.Ke2 Qb2+ 57.Ke1 Qb4+ 58.Kf2 Qb2+ 59.Ke1 Qc1+ 60.Kf2 Qc5 61.Kf1 Kf6 62.Qa6+ Ke5 63.Qe2+ Kd6 64.g3 Qa3 65.Kf2 d3 66.Qe8 Qb2+ 67.Kf1 Qc1+ 68.Kf2 Qc2+ 69.Kf1 d2 70.Qd8+ Ke6 71.Qe8+ Kf6 0-1

[Event "FIDE Grand Swiss 2023"]
[Site "Villa Marina, Douglas, Isle of Man"]
[Date "2023.11.01"]
[Round "7.19"]
[White "Shankland, Sam"]
[Black "Yilmaz, Mustafa"]
[Result "1/2-1/2"]
[WhiteElo "2698"]
[BlackElo "2640"]
[EventDate "2023.10.25"]
[ECO "C68"]
[PlyCount "103"]
[BlackClock "00:08:31"]
[BlackFideId "6302718"]
[TimeControl "40/100 + 20/50 + 15 + 30s/move"]
[WhiteClock "00:45:14"]
[WhiteFideId "2004887"]

1.e4 e5 2.Nf3 Nc6 3.Bb5 a6 4.Bxc6 dxc6 5.O-O Bg4 6.h3 h5 7.d3 Qf6 8.Nbd2 g5 9.Nc4 Bxf3 10.Qxf3 Qxf3 11.gxf3 f6 12.h4 gxh4 13.Kh2 Bd6 14.f4 exf4 15.Nxd6+ cxd6 16.Bxf4 Rd8 17.Rg1 Kf7 18.Rg2 Ne7 19.Rag1 Rhg8 20.Rxg8 Nxg8 21.Kh3 Ne7 22.Bh2 d5 23.f3 c5 24.Rg2 c4 25.dxc4 dxe4 26.fxe4 Rd4 27.e5 fxe5 28.Bxe5 Rxc4 29.Re2 Ng6 30.Rf2+ Ke7 31.Re2 Kf7 32.Rf2+ Ke7 33.Re2 Rc6 34.Bf4+ Kf6 35.Bh2 b5 36.a3 Rc4 37.Rd2 Re4 38.Rd6+ Re6 39.Rd3 Re4 40.Rd6+ Re6 41.Rd3 Kg5 42.Rd5+ Kh6 43.Rd3 Rc6 44.Rd2 Rc4 45.c3 Rc6 46.Bd6 Kg5 47.Rd5+ Kf6 48.Rd3 Ke6 49.Bh2 Kf6 50.Bd6 Kf5 51.Rd4 Kf6 52.Rd3 1/2-1/2

[Event "FIDE Grand Swiss 2023"]
[Site "Villa Marina, Douglas, Isle of Man"]
[Date "2023.11.01"]
[Round "7.20"]
[White "Svane, Frederik"]
[Black "Nihal, Sarin"]
[Result "1/2-1/2"]
[WhiteElo "2626"]
[BlackElo "2694"]
[EventDate "2023.10.25"]
[ECO "B30"]
[PlyCount "61"]
[BlackClock "00:24:24"]
[BlackFideId "25092340"]
[TimeControl "40/100 + 20/50 + 15 + 30s/move"]
[WhiteClock "00:13:57"]
[WhiteFideId "12923044"]

1.e4 c5 2.Nf3 Nc6 3.Bb5 d5 4.Nc3 dxe4 5.Nxe4 Nf6 6.Qe2 Nxe4 7.Bxc6+ bxc6 8.Qxe4 Qd5 9.d3 Qxe4+ 10.dxe4 f6 11.c4 e5 12.Kd2 a5 13.Kc3 a4 14.Be3 Be6 15.Ne1 Kf7 16.Nd3 Ra5 17.b3 Be7 18.Nb2 Rha8 19.Rab1 axb3 20.axb3 Ra3 21.Nd3 R3a5 22.f3 h5 23.h4 Bd6 24.Rhd1 Be7 25.Rh1 Bd6 26.Rhd1 Be7 27.Bf2 Ke8 28.Ne1 Kf7 29.Nd3 Ke8 30.Ne1 Kf7 31.Nd3 1/2-1/2

[Event "FIDE Grand Swiss 2023"]
[Site "Villa Marina, Douglas, Isle of Man"]
[Date "2023.11.01"]
[Round "7.21"]
[White "Niemann, Hans Moke"]
[Black "Rodrigue-Lemieux, Shawn"]
[Result "1-0"]
[WhiteElo "2667"]
[BlackElo "2488"]
[EventDate "2023.10.25"]
[ECO "B12"]
[PlyCount "113"]
[BlackClock "00:00:54"]
[BlackFideId "2620049"]
[TimeControl "40/100 + 20/50 + 15 + 30s/move"]
[WhiteClock "00:11:10"]
[WhiteFideId "2093596"]

1.e4 c6 2.d4 d5 3.e5 Bf5 4.Nf3 e6 5.Be2 c5 6.O-O Nc6 7.c3 cxd4 8.cxd4 Nge7 9.h3 Be4 10.Nbd2 Nf5 11.Bb5 Qb6 12.Qa4 Bc2 13.b3 a6 14.Bxc6+ bxc6 15.Ba3 Qb5 16.Qxb5 cxb5 17.Bxf8 Rxf8 18.Rfc1 Be4 19.Rc7 f6 20.Rac1 Ne7 21.Rb7 Kf7 22.Rcc7 Rfe8 23.b4 Bxf3 24.Nxf3 Rac8 25.Rc5 Rb8 26.Rd7 Red8 27.Ra7 Ra8 28.Rcc7 Rxa7 29.Rxa7 Rc8 30.Rxa6 Rc1+ 31.Kh2 Rc2 32.Ra5 Rxf2 33.Rxb5 Rxa2 34.Rb7 Kf8 35.b5 Nf5 36.b6 Rb2 37.Kg1 Ne3 38.Rb8+ Kf7 39.b7 Nf5 40.g4 Ne7 41.exf6 gxf6 42.g5 Ng6 43.h4 fxg5 44.Nxg5+ Kf6 45.Nxh7+ Kg7 46.Ng5 Nf8 47.h5 Nd7 48.Nxe6+ Kf6 49.Rg8 Rxb7 50.h6 Ne5 51.Ng5 Rb1+ 52.Kg2 Rb2+ 53.Kg3 Rb3+ 54.Kh4 Ng6+ 55.Kh5 Nf4+ 56.Kg4 Ng6 57.Nh7+ 1-0

[Event "FIDE Grand Swiss 2023"]
[Site "Villa Marina, Douglas, Isle of Man"]
[Date "2023.11.01"]
[Round "7.22"]
[White "Cheparinov, Ivan"]
[Black "Tari, Aryan"]
[Result "1-0"]
[WhiteElo "2658"]
[BlackElo "2619"]
[EventDate "2023.10.25"]
[ECO "A37"]
[PlyCount "93"]
[BlackClock "00:43:48"]
[BlackFideId "1510045"]
[TimeControl "40/100 + 20/50 + 15 + 30s/move"]
[WhiteClock "00:57:49"]
[WhiteFideId "2905540"]

1.c4 c5 2.g3 g6 3.Bg2 Bg7 4.Nc3 Nc6 5.Nf3 e6 6.h4 h6 7.O-O Nge7 8.e3 d5 9.cxd5 exd5 10.d4 cxd4 11.Nxd4 Nxd4 12.exd4 O-O 13.Bf4 Be6 14.Qd2 Nf5 15.Be5 Rc8 16.Rfe1 Re8 17.Rad1 Bf8 18.h5 g5 19.Qd3 Ng7 20.Qb5 Rxc3 21.bxc3 f6 22.Bxf6 Qxf6 23.Rxe6 Rxe6 24.Bxd5 Kh8 25.Bxe6 Qxe6 26.Qxb7 Nxh5 27.Qf3 Nf6 28.Rb1 g4 29.Qf4 Kg7 30.Rb7+ Kg6 31.Rxa7 Bd6 32.Qd2 Qe4 33.Ra6 Bc7 34.d5 Be5 35.d6 Nd7 36.Ra7 Qb1+ 37.Kh2 Qf5 38.Qe3 Nf6 39.d7 Nxd7 40.Rxd7 Bxg3+ 41.Kxg3 Qxd7 42.Qe4+ Kh5 43.f3 gxf3 44.Qxf3+ Kg5 45.Qf4+ Kh5 46.Qh4+ Kg6 47.Qg4+ 1-0

[Event "FIDE Grand Swiss 2023"]
[Site "Villa Marina, Douglas, Isle of Man"]
[Date "2023.11.01"]
[Round "7.23"]
[White "Ter-Sahakyan, Samvel"]
[Black "Shirov, Alexei"]
[Result "1-0"]
[WhiteElo "2618"]
[BlackElo "2655"]
[EventDate "2023.10.25"]
[ECO "D12"]
[PlyCount "71"]
[BlackClock "00:05:35"]
[BlackFideId "2209390"]
[TimeControl "40/100 + 20/50 + 15 + 30s/move"]
[WhiteClock "00:18:52"]
[WhiteFideId "13302531"]

1.d4 d5 2.c4 c6 3.Nf3 Nf6 4.e3 Bf5 5.Nc3 e6 6.Nh4 Be4 7.f3 Bg6 8.Bd2 Be7 9.Nxg6 hxg6 10.Qc2 Nbd7 11.O-O-O dxc4 12.Bxc4 a6 13.e4 b5 14.Bxe6 fxe6 15.e5 Nd5 16.Nxd5 cxd5 17.Qxg6+ Kf8 18.h4 Nb6 19.Kb1 Nc4 20.Bc1 Qe8 21.Qxe6 Qf7 22.Qxf7+ Kxf7 23.h5 g6 24.hxg6+ Kxg6 25.g4 Rag8 26.f4 Kf7 27.Rxh8 Rxh8 28.f5 Rg8 29.f6 Bd8 30.g5 Bb6 31.b3 Na5 32.e6+ Kxe6 33.Re1+ Kf7 34.Re7+ Kg6 35.f7 Rc8 36.Bf4 1-0

[Event "FIDE Grand Swiss 2023"]
[Site "Villa Marina, Douglas, Isle of Man"]
[Date "2023.11.01"]
[Round "7.24"]
[White "Praggnanandhaa, R"]
[Black "Gupta, Abhijeet"]
[Result "1-0"]
[WhiteElo "2738"]
[BlackElo "2609"]
[EventDate "2023.10.25"]
[ECO "D12"]
[PlyCount "69"]
[BlackClock "00:00:16"]
[BlackFideId "5010608"]
[TimeControl "40/100 + 20/50 + 15 + 30s/move"]
[WhiteClock "00:03:18"]
[WhiteFideId "25059530"]

1.d4 d5 2.c4 c6 3.Nf3 Nf6 4.e3 Bf5 5.Nc3 e6 6.Nh4 Bg6 7.Be2 Be7 8.Bd2 Nbd7 9.g3 a6 10.O-O dxc4 11.Nxg6 hxg6 12.Bxc4 c5 13.Bb3 b5 14.Qf3 g5 15.Ne4 Nxe4 16.Qxe4 O-O 17.Rfd1 Nf6 18.Qf3 g4 19.Qe2 cxd4 20.Bc3 Qb8 21.exd4 Re8 22.Rac1 Qb7 23.d5 exd5 24.Qd2 Rac8 25.Qg5 b4 26.Bxd5 Qb6 27.Be5 Rxc1 28.Rxc1 Rd8 29.Bg2 Qe6 30.b3 g6 31.Qf4 Nd5 32.Qe4 Nf6 33.Qe1 Nd5 34.Rd1 Bf6 35.Bxd5 1-0

[Event "FIDE Grand Swiss 2023"]
[Site "Villa Marina, Douglas, Isle of Man"]
[Date "2023.11.01"]
[Round "7.25"]
[White "Nguyen, Thai Dai Van"]
[Black "Vachier-Lagrave, Maxime"]
[Result "0-1"]
[WhiteElo "2618"]
[BlackElo "2727"]
[EventDate "2023.10.25"]
[ECO "B30"]
[PlyCount "88"]
[BlackClock "01:44:08"]
[BlackFideId "623539"]
[TimeControl "40/100 + 20/50 + 15 + 30s/move"]
[WhiteClock "00:46:44"]
[WhiteFideId "358878"]

1.e4 c5 2.Nf3 Nc6 3.Bb5 e6 4.O-O Nge7 5.Re1 Ng6 6.c3 a6 7.Bf1 Be7 8.d4 cxd4 9.cxd4 d5 10.e5 O-O 11.Nc3 h6 12.Bd3 Bd7 13.Be3 Be8 14.a3 f6 15.Qb1 f5 16.b4 b5 17.Rc1 Nh8 18.Nd2 Nxe5 19.dxe5 d4 20.Bxd4 Qxd4 21.Nf3 Qb6 22.Ne2 Rd8 23.Qb3 Ng6 24.Rd1 Kh8 25.Rac1 Nh4 26.Nfd4 Bg5 27.Qxe6 Qb7 28.f3 Be3+ 29.Kf1 Bxd4 30.Nxd4 Rxd4 31.Rc8 Qd7 32.Qxd7 Rxd7 33.f4 Ng6 34.g3 Bf7 35.Rc6 Ne7 36.Rxa6 Bh5 37.e6 Rd4 38.Rd2 Rfd8 39.Ra7 Rxd3 40.Rxd3 Rxd3 41.Rxe7 Re3 42.Rf7 Rxe6 43.Rxf5 Be2+ 44.Kf2 Bc4 0-1

[Event "FIDE Grand Swiss 2023"]
[Site "Villa Marina, Douglas, Isle of Man"]
[Date "2023.11.01"]
[Round "7.26"]
[White "Harikrishna, Pentala"]
[Black "Murzin, Volodar"]
[Result "1/2-1/2"]
[WhiteElo "2716"]
[BlackElo "2633"]
[EventDate "2023.10.25"]
[ECO "C77"]
[PlyCount "81"]
[BlackFideId "44155573"]
[TimeControl "40/100 + 20/50 + 15 + 30s/move"]
[WhiteFideId "5007003"]

1.e4 e5 2.Nf3 Nc6 3.Bb5 a6 4.Ba4 Nf6 5.Nc3 Bd6 6.O-O Nd4 7.d3 Nxf3+ 8.Qxf3 O-O 9.g4 Kh8 10.Bb3 Bc5 11.g5 Ng8 12.Qg3 d6 13.Be3 f5 14.f4 exf4 15.Rxf4 ( 15.Rf2 f3 16.Rxf3 Bd4 17.Rf4 Bxe3+ 18.Qxe3 Qxg5+ 19.Qg3 Qxg3+ 20.hxg3 Bd7 21.Raf1 Ne7 22.exf5 Rxf5 23.Re1 Ng6 24.Rxf5 Bxf5 25.Bd5 c6 26.Be4 Ne7 27.g4 Bxg4 28.Bxh7 Nf5 29.Bxf5 Bxf5 30.Re7 Rb8 31.Rf7 Be6 32.Rc7 Kh7 33.b3 Bf5 34.Nd1 Kg6 35.Ne3 Be6 36.d4 Kf6 37.c4 a5 38.a4 Re8 39.Rxb7 Bc8 40.Rc7 Rxe3 41.Rxc8 Rxb3 42.Rxc6 Ke7 43.c5 ) 15...Bxe3+ 16.Qxe3 Qxg5+ 17.Qg3 Qxg3+ 18.hxg3 Bd7 19.Raf1 Ne7 20.exf5 Rxf5 21.Re1 Ng6 22.Rxf5 Bxf5 23.Bd5 c6 24.Be4 Ne7 25.g4 Bxg4 26.Bxh7 Nf5 27.Bxf5 Bxf5 28.Re7 Rb8 29.Rf7 Be6 30.Rc7 Kh7 31.b3 Bf5 32.Nd1 Kg6 33.Ne3 Be6 34.d4 Kf6 35.c4 a5 36.a4 Re8 37.Rxb7 Bc8 38.Rc7 Rxe3 39.Rxc8 Rxb3 40.Rxc6 Ke7 41.c5 1/2-1/2

[Event "FIDE Grand Swiss 2023"]
[Site "Villa Marina, Douglas, Isle of Man"]
[Date "2023.11.01"]
[Round "7.27"]
[White "Grandelius, Nils"]
[Black "Aryan, Chopra"]
[Result "1/2-1/2"]
[WhiteElo "2689"]
[BlackElo "2634"]
[EventDate "2023.10.25"]
[ECO "B30"]
[PlyCount "76"]
[BlackClock "00:06:32"]
[BlackFideId "5084423"]
[TimeControl "40/100 + 20/50 + 15 + 30s/move"]
[WhiteClock "00:00:30"]
[WhiteFideId "1710400"]

1.e4 c5 2.Nf3 Nc6 3.Bb5 e6 4.O-O Nge7 5.Re1 a6 6.Bf1 d5 7.exd5 Nxd5 8.d4 Nf6 9.Be3 Be7 10.c4 O-O 11.Nc3 cxd4 12.Nxd4 Ne5 13.h3 Bd7 14.Nf3 Nxf3+ 15.Qxf3 Bc6 16.Qg3 Bd6 17.Qh4 Nd7 18.Bg5 Qc7 19.Rad1 Rfe8 20.Ne2 h6 21.Bc1 Bb4 22.Bd2 a5 23.Nd4 Nc5 24.Qh5 Ne4 25.Bxb4 axb4 26.Nxc6 Qxc6 27.Qb5 Qxb5 28.cxb5 Nf6 29.Bc4 Rec8 30.Rd4 Rc5 31.Bb3 Rxb5 32.Rc1 Nd5 33.Rdc4 Kf8 34.Rc5 Raa5 35.Rc8+ Ke7 36.Rb8 Ra6 37.Bxd5 Rxd5 38.Rc7+ Rd7 1/2-1/2